 Dungeon Crawl Stone Soup version 0.29-a0-410-g9596d59a08 (webtiles) character file.

Game seed: 1221450658337069182

31 Ge0ff the Cudgeller (level 3, 0/23 HPs)
             Began as a Gargoyle Monk on May 14, 2022.
             Slain by a goblin
             ... wielding a +0 dagger
             ... led by Robin
              (1 damage)
             ... on level 2 of the Dungeon.
             The game lasted 00:01:48 (1170 turns).

Ge0ff the Cudgeller (Gargoyle Monk)                 Turns: 1170, Time: 00:01:49

Health: 0/23       AC: 13    Str: 15    XL:     3   Next: 22%
Magic:  3/3        EV: 11    Int: 12    God:
Gold:   74         SH:  0    Dex: 13    Spells: 2/2 levels left

rFire   . . .      SeeInvis .   a - +0 mace
rCold   . . .      Faith    .   (no shield)
rNeg    + + .      Spirit   .   p - +0 ring mail
rPois   ∞          Reflect  .   s - +2 hat {Int+3}
rElec   +          Harm     .   x - +2 ratskin cloak {*Rats rPois rN+ Str-1 Int-1 Dex+1}
rCorr   .          Rampage  .   (no gloves)
Will    .....                   (no boots)
Stlth   +.........              (no amulet)
HPRegen 0.07/turn               (no ring)
MPRegen 0.08/turn               (no ring)

@: no status effects
A: sickness immunity, AC +3, negative energy resistance 1, electricity
resistance, torment resistance 1, petrification resistance
a: no special abilities


You were on level 2 of the Dungeon.
You visited 1 branch of the dungeon, and saw 2 of its levels.

You collected 74 gold pieces.

Inventory:

Hand Weapons
 a - a +0 mace (weapon)
 u - a +0 quarterstaff
Armour
 b - a +0 robe
 p - a +0 ring mail (worn)
 s - a +2 hat of intelligence (worn)
 w - a +0 kite shield
 x - the +2 ratskin cloak (worn) {*Rats rPois rN+ Str-1 Int-1 Dex+1}
   (You found it on level 2 of the Dungeon)

   When the wearer is hurt, rats may emerge from it to assist them.
   Str:       It affects your strength (-1).
   Int:       It affects your intelligence (-1).
   Dex:       It affects your dexterity (+1).
   rPois:     It protects you from poison.
   rN:        It protects you from negative energy.
Scrolls
 q - 3 scrolls of identify {unknown}
 r - a scroll of magic mapping {unknown}
 v - a scroll of immolation {unknown}
 y - a scroll of fear {unknown}
Potions
 o - 2 potions of ambrosia
 t - a potion of magic {unknown}


   Skills:
 - Level 3.2 Fighting
 + Level 4.2 Maces & Flails
 - Level 2.4 Dodging
 - Level 2.1 Stealth


You had 2 spell levels left.
You didn't know any spells.
Your spell library was empty.

Dungeon Overview and Level Annotations

Branches:
Dungeon (2/15)

Altars:

Annotations:
D:2 Robin


Innate Abilities, Weirdness & Mutations

You are immune to sickness and miasma.
Your stone body is resilient. (AC +3)
You are immune to poison.
You resist negative energy. (rN+)
You are resistant to electric shocks. (rElec)
You are resistant to unholy torment.
You are immune to petrification.


Message History

You completely miss the goblin. Robin throws the goblin at you!
The goblin misses you. The goblin closely misses you.
Robin roars a battlecry!
The goblins go into a battle-frenzy!
The goblin closely misses you.
A goblin comes into view. It is wielding a +0 club.
The goblin hits you but does no damage. The goblin attacks as you move away!
The goblin barely misses you.
You miss the goblin. The goblin misses you.
You sock the goblin!
You kill the goblin!
The goblin hits you with a +0 club.
You barely miss the goblin. The goblin misses you.
You closely miss the goblin. The goblin closely misses you.
The hobgoblin hits you but does no damage.
The goblin closely misses you.
You barely miss the goblin. The goblin barely misses you.
The hobgoblin hits you but does no damage.
Robin throws the goblin at you! The goblin hits you but does no damage.
The goblin misses you. The goblin closely misses you.
The hobgoblin barely misses you. The goblin hits you but does no damage.
You hit the goblin.
The goblin is severely wounded.
The goblin hits you but does no damage. x2; The hobgoblin barely misses you.
The goblin hits you but does no damage.
You closely miss the goblin.
The goblin is severely wounded.
The goblin hits you but does no damage.
The hobgoblin hits you but does no damage.
The goblin hits you but does no damage. The goblin barely misses you.
You closely miss the goblin.
The goblin is heavily wounded.
The goblin hits you but does no damage. The goblin barely misses you.
The hobgoblin hits you but does no damage.
The goblin hits you but does no damage.
You hit the goblin but do no damage.
The goblin is heavily wounded.
Robin throws the goblin at you! The goblin hits you but does no damage.
The goblin barely misses you. x2; The goblin hits you with a +4 dagger.
The hobgoblin hits you but does no damage.
You barely miss the goblin.
The goblin is heavily wounded.
The hobgoblin no longer looks unusually strong.
The goblin no longer looks unusually strong.
The goblin hits you with a +0 club.
A hell rat scurries out from under your cloak.
The goblin hits you with a +4 dagger. The goblin hits you with a +0 club.
* * * LOW HITPOINT WARNING * * *
The goblin hits you with a +0 dagger.
You die...

#....# #....##
#....# ####...
#....##########....
#...............##.
#....############..
#....# ##..#
##..r.# ###..##
#.ggg.# ##...###
#gg@g.# #...>^..
#.##### ########
#.# #.# #g# g.! .g.
>g... g....


You could see Robin, a hobgoblin, 4 goblins and a friendly hell rat.

Vanquished Creatures
  A dart slug (D:2)
  2 bats (D:1)
  An endoplasm (D:1)
  A giant cockroach (D:1)
  5 goblins
  A hobgoblin (D:2)
  6 jackals (D:1)
  A quokka (D:1)
  3 ball pythons
  2 frilled lizards (D:1)
  2 rats (D:2)
25 creatures vanquished.

Notes
Turn   | Place    | Note
-------+----------+-------------------------------------------
     0 | D:1      | Ge0ff the Gargoyle Monk began the quest for the Orb.
     0 | D:1      | Reached XP level 1. HP: 14/14 MP: 1/1
    67 | D:1      | Reached XP level 2. HP: 13/19 MP: 2/2
   735 | D:1      | Reached skill level 4 in Maces & Flails
   787 | D:1      | Reached XP level 3. HP: 23/23 MP: 3/3
  1031 | D:2      | Found the +2 ratskin cloak {*Rats rPois rN+ Str-1 Int-1
                  | Dex+1}
  1154 | D:2      | Noticed Robin
  1170 | D:2      | HP: 1/23 [goblin/+0 club[Robin] (6)]
  1170 | D:2      | Slain by a goblin

Illustrated notes

Levels and vault maps discovered:
D:1:      nicolae_arrival_memento_mori, layout_basic
D:2:      layout_rooms, basic_altar, serial_glass, glass_columns_a,
          glass_columns_a, uniq_robin

Skill      XL: |  1  2 |
---------------+-------+-----
Maces & Flails | 4 |  4.2
Fighting       | |  3.2
Dodging        | |  2.4
Stealth        | |  2.1

Action                   || total
-------------------------++-------
Melee: Mace              ||    78
Armor: Robe              ||     4
       Ring mail         ||    39
Dodge: Dodged            ||    59

Table legend: (Time is in decaauts)
 A = Elapsed time spent in this place.
 B = Non-inter-level travel time spent in this place.
 C = Inter-level travel time spent in this place.
 D = Time resting spent in this place.
 E = Time spent auto-exploring this place.
 F = Levels seen in this place.
 G = Mean time per level.
                   A        B        C        D        E       F      G
               +--------+--------+--------+--------+--------+-----+--------+
         Total |   1186 |   1153 |     33 |      0 |    891 |   2 |  593.0 |
       Dungeon |   1186 |   1153 |     33 |      0 |    891 |   2 |  593.0 |
               +--------+--------+--------+--------+--------+-----+--------+

Top non-repeatable levels by time:
     D:1: 1041 daAuts
     D:2: 144 daAuts
